 Dungeon Crawl Stone Soup version 0.28.0-43-g3370ac3207 (webtiles) character file.

Game seed: 13532114803136573891

2281 issech the Basher (level 9, -4/88 HPs)
             Began as a Troll Monk on Mar 30, 2022.
             Slain by a manticore (12 damage)
             ... on level 7 of the Dungeon.
             The game lasted 00:18:10 (4830 turns).

issech the Basher (Troll Monk)                      Turns: 4830, Time: 00:18:11

Health: -4/88      AC:  3    Str: 21    XL:     9   Next: 16%
Magic:  8/8        EV: 12    Int:  9    God:
Gold:   318        SH:  0    Dex: 16    Spells: 8/8 levels left

rFire   + . .      SeeInvis .   G - +0 giant spiked club
rCold   . . .      Faith    .   (shield currently unavailable)
rNeg    . . .      Spirit   .   (armour restricted)
rPois   .          Reflect  .   s - +1 hat {Int+3}
rElec   .          Harm     .   (no cloak)
rCorr   .          Rampage  .   (gloves unavailable)
Will    .....                   (boots unavailable)
Stlth   ++........              (no amulet)
HPRegen 1.04/turn               j - ring of protection from fire
MPRegen 0.11/turn               A - ring of flight

@: flying, studying Staves
A: large, unfitting armour, claws 3, regeneration 1, shaggy fur 1, tough skin 1
a: no special abilities


You were on level 7 of the Dungeon.
You visited 1 branch of the dungeon, and saw 7 of its levels.

You collected 318 gold pieces.

Inventory:

Hand Weapons
 a - a +0 mace
 m - a +0 hunting sling
 z - a +0 vorpal war axe
 F - a +0 giant club
 G - a +0 giant spiked club (weapon)
 H - a +3 long sword
 J - a +2 short sword
 K - a +0 dagger of holy wrath
Missiles
 c - 64 sling bullets
 e - 10 boomerangs
 f - 63 arrows
 l - 165 stones
 u - 14 poisoned darts
 y - 4 large rocks (quivered)
Armour
 b - a +0 robe
 s - a +1 hat of intelligence (worn)
 I - a +1 robe of willpower
Jewellery
 j - a ring of protection from fire (left claw)
 A - a ring of flight (right claw)
 B - a +6 ring of intelligence
 C - a +6 ring of intelligence
Wands
 M - a wand of mindburst (7)
Scrolls
 g - a scroll of noise {unknown}
 h - a scroll of brand weapon {unknown}
 i - a scroll of holy word {unknown}
 k - a scroll of acquirement {unknown}
 n - a scroll of immolation {unknown}
 p - 2 scrolls of blinking
 q - 6 scrolls of identify {unknown}
 t - 2 scrolls of enchant armour {unknown}
 v - 2 scrolls of teleportation {unknown}
 N - a scroll of vulnerability {unknown}
Potions
 d - a potion of might {unknown}
 o - 5 potions of curing {unknown}
 r - 2 potions of heal wounds {unknown}
 w - a potion of magic {unknown}
 x - a potion of cancellation {unknown}
 D - a potion of lignification {unknown}
 E - a potion of attraction {unknown}
 L - a potion of mutation {unknown}


   Skills:
 + Level 5.2 Fighting
 + Level 8.5 Maces & Flails
 + Level 2.1 Throwing
 + Level 5.0 Dodging
 + Level 2.0 Stealth


You had 8 spell levels left.
You didn't know any spells.
Your spell library contained the following spells:

 Spells                   Type           Power      Damage    Failure   Level
 Animate Skeleton         Necr           0%         N/A       38%         1
 Apportation              Tloc           0%         N/A       38%         1
 Pain                     Necr           0%         1d4       38%         1
 Sting                    Tmut/Pois      0%         1d3       38%         1
 Summon Small Mammal      Summ           0%         N/A       38%         1
 Poisonous Vapours        Pois/Air       0%         N/A       52%         2
 Vampiric Draining        Necr           0%         2d6       77%         3
 Olgreb's Toxic Radiance  Pois           0%         N/A       99%         4


Dungeon Overview and Level Annotations

Branches:
Dungeon (7/15)
 Temple: D:4-7

Altars:
Gozag
Xom


Innate Abilities, Weirdness & Mutations

You are too large for most types of armour.
You have claws for hands.
Your natural rate of healing is unusually fast.
You are covered in fur. (AC +1)
You have tough skin. (AC +1)


Message History

You now have 318 gold pieces (gained 8).
l - 165 stones (gained 16)
q - 6 scrolls labelled YLIONKI FUAKH (gained 1)
You see here a +0 robe.
N - a scroll labelled NADU ELUAPE
Things that are here:
a +0 war axe; a +0 leather armour You see here a +0 club.
Done exploring.
Done exploring.
Things that are here:
a +1 short sword; a +0 robe
Things that are here:
a +0 battleaxe; a +0 robe
There is a stone staircase leading down here.
You fly downwards.
Found a stone staircase leading down.
There is a stone staircase leading up here.
The manticore barely misses you. The manticore closely misses you.
The manticore claws you.
You barely miss the manticore.
The manticore bites you but does no damage.
The manticore claws you. The manticore closely misses you.
You bludgeon the manticore!!
The manticore is heavily wounded.
The manticore bites you!! The manticore closely misses you.
The manticore claws you.
You hit the manticore.
The manticore is heavily wounded.
The manticore bites you!! The manticore claws you. The manticore claws you!
* * * LOW HITPOINT WARNING * * *
The manticore bites you!
* * * LOW HITPOINT WARNING * * *
The manticore claws you.
* * * LOW HITPOINT WARNING * * *
The manticore claws you but does no damage.
You hit the manticore.
The manticore is heavily wounded.
The manticore bites you!
You die...

.###. ..
.....#####.#
...........#
>..........
..........#
..........+
..........#
.......<..+
........@H#
..#.............
#######.######
.# .# .# .# ..


You could see a manticore.

Vanquished Creatures
  Sigmund (D:6)
  A yak (D:3)
  A water moccasin (D:5)
  Duvessa (D:4)
  An ice beast (D:6)
  2 black bears (D:6)
  2 ogres (D:5)
  A centaur (D:5)
  A necrophage (D:6)
  3 scorpions
  A wyvern zombie (D:6)
  A wyvern skeleton (D:6)
  4 wights (D:6)
  Dowan (D:4)
  A bullfrog zombie (D:6)
  A centaur skeleton (D:6)
  A centaur zombie (D:6)
  3 hounds
  3 jellies (D:6)
  An orc priest (D:3)
  2 iguanas
  4 orc wizards (D:6)
  A howler monkey zombie (D:6)
  5 adders
  5 gnolls
  3 white imps (D:6)
  3 worms
  3 dart slugs
  17 orcs
  2 bats
  11 endoplasms
  4 giant cockroaches (D:2)
  8 goblins
  6 hobgoblins
  7 jackals (D:1)
  10 kobolds
  7 quokkas
  2 ball pythons
  7 frilled lizards
  9 rats
147 creatures vanquished.

Vanquished Creatures (others)
  36 plants (D:2)
36 creatures vanquished.

Grand Total: 183 creatures vanquished

Notes
Turn   | Place    | Note
-------+----------+-------------------------------------------
     0 | D:1      | issech the Troll Monk began the quest for the Orb.
     0 | D:1      | Reached XP level 1. HP: 22/22 MP: 0/0
    60 | D:1      | Found a faded altar of an unknown god.
   154 | D:1      | Reached XP level 2. HP: 29/29 MP: 1/1
   238 | D:1      | Reached skill level 3 in Maces & Flails
   549 | D:1      | Reached XP level 3. HP: 33/36 MP: 2/2
  1074 | D:2      | Reached XP level 4. HP: 34/45 MP: 3/3
  1121 | D:2      | Found a shimmering altar of Xom.
  1917 | D:3      | Reached XP level 5. HP: 38/53 MP: 4/4
  2091 | D:3      | Reached skill level 4 in Maces & Flails
  2616 | D:4      | Noticed a yak
  2708 | D:3      | Killed a yak
  2709 | D:3      | Reached XP level 6. HP: 45/61 MP: 5/5
  2784 | D:4      | Noticed Duvessa
  3057 | D:4      | Noticed Dowan
  3059 | D:4      | Killed Duvessa
  3060 | D:4      | Reached skill level 5 in Maces & Flails
  3060 | D:4      | Reached skill level 1 in Throwing
  3064 | D:4      | Killed Dowan
  3076 | D:4      | Found a glowing drain.
  3162 | D:5      | Entered Level 5 of the Dungeon
  3250 | D:5      | Reached XP level 7. HP: 6/68 MP: 6/6
  3556 | D:5      | Found an opulent altar of Gozag.
  3556 | D:5      | Found an opulent altar of Gozag.
  3563 | D:5      | Found an opulent altar of Gozag.
  3577 | D:5      | Found an opulent altar of Gozag.
  3740 | D:5      | Reached skill level 6 in Maces & Flails
  3872 | D:5      | Reached XP level 8. HP: 78/78 MP: 7/7
  4032 | D:6      | Reached skill level 7 in Maces & Flails
  4179 | D:6      | Noticed Sigmund
  4185 | D:6      | Killed Sigmund
  4354 | D:6      | Reached skill level 5 in Fighting
  4354 | D:6      | Reached skill level 8 in Maces & Flails
  4361 | D:6      | Reached XP level 9. HP: 61/88 MP: 8/8
  4561 | D:6      | Reached skill level 5 in Dodging
  4824 | D:7      | Noticed a manticore
  4830 | D:7      | Slain by a manticore

Illustrated notes

Levels and vault maps discovered:
D:1:      minmay_arrival_four_circles, layout_loops_ring,
          shapermc_ecumenical_altar_notcrosses
D:2:      wad_woods_stonehenge, layout_basic, chequers_jeans
D:3:      layout_basic
D:4:      layout_rooms, cheibrodos_sewer_entry_bend, grunt_ministairs_9,
          minmay_manual_macuahuitl, uniq_duvessa
D:5:      layout_loops_ring, nicolae_gozag_conspicuous_consumption
D:6:      minmay_angry_zag, layout_loops_cross, uniq_sigmund
D:7:      layout_basic, temple_pool_b, feat_on_display

Skill      XL: |  1  2  3  4  5  6  7  8  9 |
---------------+----------------------------+-----
Maces & Flails | 3 4 5 6 8 |  8.5
Fighting       | 3 4 5 |  5.2
Dodging        | 3 4 5 |  5.0
Throwing       | 1 2 |  2.1
Stealth        | 2 |  2.0

Action                   |  1- 3 |  4- 6 |  7- 9 || total
-------------------------+-------+-------+-------++-------
Melee: Mace              |   127 |   181 |    18 ||   326
       Punch             |       |     1 |     1 ||     2
       Giant club        |       |       |    15 ||    15
       Giant spiked club |       |       |   117 ||   117
Throw: Boomerang         |       |     6 |     1 ||     7
       Large rock        |       |     7 |     6 ||    13
  Use: Scroll            |       |     1 |       ||     1
 Stab: Sleeping          |     4 |     2 |       ||     6
Armor: Robe              |    52 |    60 |    12 ||   124
       Skin              |       |       |    28 ||    28
Dodge: Dodged            |    75 |   137 |   103 ||   315
